 Dungeon Crawl Stone Soup version 0.29.1-1-gd02db6906a (webtiles) character file.

Game seed: 15409771569947609704

81 hikkokomori the Firebug (level 4, 0/24 HPs)
             Began as a Gargoyle Fire Elementalist on Oct 6, 2022.
             Slain by a hound (1 damage)
             ... on level 3 of the Dungeon.
             The game lasted 00:07:46 (2250 turns).

hikkokomori the Firebug (GrFE)                      Turns: 2250, Time: 00:07:46

Health: 0/24       AC:  5    Str: 12    XL:     4   Next: 42%
Magic:  5/7        EV: 11    Int: 17    God:
Gold:   71         SH:  0    Dex: 10    Spells: 1/7 levels left

rFire   . . .      SeeInvis .   h - staff of conjuration
rCold   . . .      Faith    .   (no shield)
rNeg    + . .      Spirit   .   n - +0 robe
rPois   ∞          Reflect  .   (no helmet)
rElec   +          Harm     .   (no cloak)
rCorr   .          Rampage  .   (no gloves)
Will    .....                   (no boots)
Stlth   ++........              i - amulet of magic regeneration
HPRegen 0.08/turn               (no ring)
MPRegen 0.50/turn               (no ring)

@: no status effects
A: sickness immunity, AC +3, negative energy resistance 1, electricity
resistance, torment resistance 1, petrification resistance
a: no special abilities


You were on level 3 of the Dungeon.
You visited 1 branch of the dungeon, and saw 3 of its levels.

You collected 71 gold pieces.

Inventory:

Hand Weapons
 c - a +0 short sword
 d - a +0 spear
 j - a +0 mace of holy wrath
Armour
 a - a +0 robe
 n - a +0 robe (worn)
Magical Staves
 h - a staff of conjuration (weapon)
Jewellery
 i - an amulet of magic regeneration (around neck)
 m - a ring of protection from cold
Scrolls
 g - 3 scrolls of teleportation {unknown}
 k - a scroll of immolation {unknown}
 l - a scroll of fear {unknown}
Potions
 b - a potion of magic
 e - 3 potions of heal wounds {unknown}
 f - 2 potions of curing {unknown}


   Skills:
 - Level 1.5 Dodging
 - Level 2.1 Stealth
 + Level 2.1 Spellcasting
 + Level 3.2 Conjurations
 + Level 4.1 Fire Magic


You had one spell level left.
You knew the following spells:

 Your Spells              Type           Power      Damage    Failure   Level
a - Foxfire               Conj/Fire      84%        2x1d8     4%          1
b - Scorch                Fire           30%        2d6       5%          2
c - Shock                 Conj/Air       40%        1d5       10%         1
d - Searing Ray           Conj           38%        2d5       8%          2

Your spell library contained the following spells:

 Spells                   Type           Power      Damage    Failure   Level
 Magic Dart               Conj           76%        1d6       5%          1
 Conjure Flame            Conj/Fire      21%        6-21      13%         3
 Inner Flame              Hex/Fire       8%         N/A       24%         3
 Flame Wave               Conj/Fire      21%        2d8       38%         4
 Portal Projectile        Hex/Tloc       2%         N/A       50%         3
 Swiftness                Air            1%         N/A       50%         3
 Tukima's Dance           Hex            1%         N/A       50%         3
 Fulminant Prism          Conj/Hex       5%         3d7       69%         4
 Airstrike                Air            0%         2d(1-17)  88%         4
 Blade Hands              Tmut           0%         N/A       99%         5


Dungeon Overview and Level Annotations

Branches:
Dungeon (3/15)

Altars:


Innate Abilities, Weirdness & Mutations

You are immune to sickness and miasma.
Your stone body is resilient. (AC +3)
You are immune to poison.
You resist negative energy. (rN+)
You are resistant to electric shocks. (rElec)
You are resistant to unholy torment.
You are immune to petrification.


Message History

The hound bites you but does no damage. The hound bites you.
You barely miss the hound.
The hound is lightly wounded.
The hound closely misses you.
You barely miss the hound.
The hound is lightly wounded.
The hound bites you. x2
You are too injured to fight recklessly!
You are too injured to fight recklessly!
You are too injured to fight recklessly!
You are too injured to fight recklessly!
You are too injured to fight recklessly!
You are too injured to fight recklessly!
You are too injured to fight recklessly!
You are too injured to fight recklessly!
You are too injured to fight recklessly!
You are too injured to fight recklessly!
You are too injured to fight recklessly!
You are too injured to fight recklessly!
You are too injured to fight recklessly!
You are too injured to fight recklessly!
You are too injured to fight recklessly!
Casting: Shock (safe; 10% risk of failure)
Confirm with . or Enter, or press ? or * to list all spells.
Aiming: Shock (safe; 10% risk of failure)
Press: ? - help, Shift-Dir - straight line You feel a surge of power!
That beam is likely to hit you.
Continue anyway?
The zap misses you.
The zap misses the hound.
The zap hits the hound.
The hound is lightly wounded.
The hound bites you.
* * * LOW HITPOINT WARNING * * *
The hound bites you.
* * * LOW HITPOINT WARNING * * *
Casting: Shock (safe; 10% risk of failure)
Confirm with . or Enter, or press ? or * to list all spells.
Flames lash the hound.
The hound is heavily wounded.
The hound's fire resistance burns away.
The hound bites you.
You die...

.. .... .. ...♣. #.
#..♣.♣. ###< ..♣._.♣
##...##...♣.♣
###.....†....♣..
##.......h........ ....#
#.@........ #.#..
#.#.#####. #..
##.#.###.#.#
#..###....#.†.#.#
#..[.....#......#
##.#.#.................
##..#.#....##########.#.
........##.##........
#.)........#######


You could see a hound (combustible).

Vanquished Creatures
  2 adders (D:2)
  A worm (D:2)
  A dart slug (D:1)
  An orc (D:3)
  6 endoplasms
  4 giant cockroaches
  7 hobgoblins
  2 quokkas
  5 ball pythons
  6 bats
  3 frilled lizards
  7 goblins
  5 kobolds
  9 rats
59 creatures vanquished.

Vanquished Creatures (others)
  16 foxfires (D:1)
16 creatures vanquished.

Grand Total: 75 creatures vanquished

Notes
Turn   | Place    | Note
-------+----------+-------------------------------------------
     0 | D:1      | hikkokomori the Gargoyle Fire Elementalist began the quest
                  | for the Orb.
     0 | D:1      | Reached XP level 1. HP: 10/10 MP: 3/3
   227 | D:1      | Reached XP level 2. HP: 10/15 MP: 5/5
  1183 | D:1      | Reached XP level 3. HP: 14/19 MP: 6/6
  1284 | D:1      | Learned a level 2 spell: Scorch
  1442 | D:1      | Learned a level 1 spell: Shock
  1807 | D:2      | Reached skill level 4 in Fire Magic
  1807 | D:2      | Reached XP level 4. HP: 22/24 MP: 1/7
  1996 | D:2      | Learned a level 2 spell: Searing Ray
  2240 | D:3      | Found a faded altar of an unknown god.
  2249 | D:3      | HP: 1/24 [hound (5)]
  2250 | D:3      | Slain by a hound

Illustrated notes

Levels and vault maps discovered:
D:1:      amcnicky_arrival_gap_in_the_tavern_cellar, layout_basic,
          kennysheep_flooded_box
D:2:      layout_rooms, minmay_pentomino_z2
D:3:      layout_rooms, grunt_temple_overflow_open,
          chequers_ecumenical_altar_simple_redux, minmay_cut_off, uniq_jessica

Skill      XL: |  1  2  3 |
---------------+----------+-----
Conjurations   | 2 3 |  3.2
Fire Magic     | 4 |  4.1
Dodging        | |  1.5
Stealth        | |  2.1
Spellcasting   | |  2.1

Action                   |  1- 3 |  4- 6 || total
-------------------------+-------+-------++-------
Melee: Spear             |    88 |       ||    88
       Punch             |     1 |       ||     1
       Staff             |     7 |     9 ||    16
 Cast: Foxfire           |    13 |       ||    13
       Shock             |    44 |    44 ||    88
       Scorch            |       |     1 ||     1
 Stab: Sleeping          |     5 |       ||     5
Armor: Robe              |    36 |     2 ||    38
Dodge: Dodged            |    75 |     8 ||    83
